 Dungeon Crawl Stone Soup version 0.26-a0-708-g17f3b190f9 (webtiles) character file.

Game seed: 1772535492440902006

37629 robertstho the Eclecticist (level 13, -1/69 HPs)
             Began as a Deep Elf Ice Elementalist on Oct 26, 2020.
             Was a High Priest of Sif Muna.
             Slain by an entropy weaver (17 damage)
             ... on level 5 of the Lair of Beasts on Oct 27, 2020.
             The game lasted 00:47:49 (18814 turns).

robertstho the Eclecticist (DEIE)                  Turns: 18814, Time: 00:47:50

Health: -1/69      AC: -1    Str:  5    XL:     13   Next: 59%
Magic:  10/35      EV: 17    Int: 38    God:    Sif Muna [*****.]
Gold:   835        SH:  0    Dex: 15    Spells: 29/44 levels left

rFire    . . .     SeeInvis +   S - +2 short sword (venom)
rCold    . . .     Faith    .   (no shield)
rNeg     . . .     Spirit   .   E - +3 robe of Folly {Archmagi, MR-- Int+5}
rPois    .         Reflect  .   m - +0 helmet
rElec    .         Harm     .   D - +1 cloak
rCorr    .         Rampage  .   v - +0 pair of gloves
MR       .....                  s - +0 pair of boots
Stlth    ++........             n - amulet of regeneration
HPRegen  0.61/turn              b - ring "Soerchicu" {+Fly Int+7 Slay+3 SInv Stlth-}
MPRegen  0.24/turn              R - +4 ring of protection

@: corroded, frozen ramparts
A: no striking features
a: Channel Magic, Forget Spell, Divine Exegesis, Renounce Religion, Evoke Flight


You were on level 5 of the Lair of Beasts.
You worshipped Sif Muna.
Sif Muna was extremely pleased with you.
You visited 3 branches of the dungeon, and saw 17 of its levels.

You collected 835 gold pieces.

Inventory:

Hand Weapons
 f - a +1 dagger of electrocution
 S - a +2 short sword of venom (weapon)
Missiles
 i - 59 poisoned darts (quivered)
 r - 7 curare-tipped darts
Armour
 a - a +0 robe
 m - a +0 helmet (worn)
 s - a +0 pair of boots (worn)
 v - a +0 pair of gloves (worn)
 D - a +1 cloak (worn)
 E - the +3 robe of Folly (worn) {Archmagi, MR-- Int+5}
   (You found it on level 3 of the Lair of Beasts)

   It affects your intelligence (+5).
   It affects your resistance to hostile enchantments.
Jewellery
 b - the ring "Soerchicu" (left hand) {+Fly Int+7 Slay+3 SInv Stlth-}
   (You acquired it on level 3 of the Lair of Beasts)

   [ring of flight]

   It affects your intelligence (+7).
   It affects your accuracy and damage with ranged weapons and melee attacks
   (+3).
   It lets you see invisible.
   It lets you fly.
   It makes you less stealthy.
 d - an uncursed amulet of faith {unknown}
 n - an amulet of regeneration (around neck)
 p - an uncursed amulet of the acrobat
 y - a +4 ring of slaying
 B - an uncursed ring of flight
 C - an uncursed ring of wizardry
 F - an uncursed ring of positive energy
 I - a +4 ring of evasion
 R - a +4 ring of protection (right hand)
Wands
 J - a wand of flame (19)
 K - a wand of iceblast (4)
 M - a wand of acid (11)
 Q - a wand of enslavement (9)
Scrolls
 e - 7 scrolls of teleportation
 j - 5 scrolls of remove curse
 k - 7 scrolls of amnesia
 o - 4 scrolls of fog {unknown}
 q - 3 scrolls of blinking {unknown}
 w - a scroll of silence {unknown}
 x - 3 scrolls of immolation
 z - 3 scrolls of magic mapping
 A - 4 scrolls of fear
 G - 2 scrolls of identify
Potions
 c - a potion of curing
 g - 4 potions of lignification
 h - 3 potions of might
 l - 3 potions of brilliance
 t - 3 potions of flight
 u - 3 potions of haste
 H - 4 potions of mutation
 O - a potion of magic


   Skills:
 + Level 3.6 Fighting
 + Level 4.1 Short Blades
 + Level 0.6 Throwing
 + Level 1.4 Armour
 + Level 7.2 Dodging
 + Level 6.3 Stealth
 + Level 16.2 Spellcasting
 + Level 2.1 Conjurations
 + Level 9.1 Summonings
 + Level 14.0 Ice Magic
 + Level 2.0 Invocations
 + Level 2.0 Evocations


You had 29 spell levels left.
You knew the following spells:

 Your Spells              Type           Power        Failure   Level
a - Freeze                Ice            ####         0%          1
b - Frozen Ramparts       Ice            ######       0%          3
c - Ozocubu's Armour      Ice            ########     0%          3
d - Hailstorm             Conj/Ice       #######.     1%          4
e - Summon Ice Beast      Ice/Summ       ########     1%          4

Your spell library contained the following spells:

 Spells                   Type           Power        Failure   Level
 Simulacrum               Ice/Necr       #######...   9%          6
 Animate Dead             Necr           #####.....   11%         4
 Borgnjor's Vile Clutch   Necr/Erth      #####.....   30%         5
 Death Channel            Necr           #####.....   86%         6


Dungeon Overview and Level Annotations

Branches:
Dungeon (11/15)            Temple (1/1) D:7            Lair (5/6) D:10
 Shoals (0/4) Lair:2       Spider (0/4) Lair:2          Orc (0/2) D:10
  Slime: Lair:5-6

Altars:
Cheibriados
Dithmenos
Elyvilon
Fedhas
Gozag
Kikubaaqudgha
Makhleb
Nemelex Xobeh
Okawaru
Ru
Sif Muna
Trog
Uskayaw
Wu Jian
Xom
Zin
The Shining One

Annotations:
Lair:1 3 runed translucent doors, lunkers's ghost, journeyman OpIE


Message History

The wall freezes the entropy weaver!
The entropy weaver hits you.
The entropy weaver hits you! x2; The entropy weaver hits you.
The wall freezes the entropy weaver.
The wall freezes the entropy weaver.
Casting: Frozen Ramparts (safe; 0% risk of failure)
Confirm with . or Enter, or press ? or * to list all spells.
You feel a surge of power! A chill wind blows around you.
The wall freezes the entropy weaver.
The entropy weaver gestures at you while chanting.
The entropic weave corrodes you!
Unknown command.
The wall freezes the entropy weaver.
There is a stone staircase leading up here.
Casting: Summon Ice Beast (safe; 1% risk of failure)
Confirm with . or Enter, or press ? or * to list all spells.
You feel a surge of power! A chill wind blows around you.
The entropy weaver hits you. The entropy weaver hits you!
* * * LOW HITPOINT WARNING * * *
The entropy weaver misses you. The entropy weaver hits you!
You die...

..............# #......
...............###......
.............$$.###....(
...............# #......
..............####...B..
...........(#..#......B.
...........P.#...P.#.B..
..........PP.........B.B
P......@BY...#....######
#.#.#..Y..####.#.## #
#...### ##### . #..#.#
## #....### P..## ..P.
...


You could see an entropy weaver and 2 friendly ice beasts.

Vanquished Creatures
  A hydra (Lair:1)
  A black mamba (Lair:1)
  6 elephants
  A cane toad (Lair:1)
  A gargoyle (D:11)
  3 torpor snails (Lair:3)
  2 komodo dragons
  A rime drake (Lair:4)
  2 polar bears
  A troll (D:10)
  A blink frog (Lair:3)
  2 wyverns
  A basilisk (Lair:1)
  12 yaks
  6 water moccasins
  6 soldier ants (Lair:5)
  6 orc warriors
  2 black bears (D:10)
  3 ice beasts (Lair:4)
  A sky beast (D:11)
  4 ogres
  9 wolves
  4 centaurs
  A big kobold (D:10)
  Blork the orc (D:5)
  8 bullfrogs
  4 scorpions
  3 killer bees (D:11)
  A howler monkey (D:6)
  3 wights
  A quasit (D:10)
  6 orc priests
  A centaur skeleton (D:4)
  2 hounds
  7 orc wizards
  3 bullfrog skeletons
  An iguana (D:10)
  Ijyb (D:5)
  7 worker ants
  A hound zombie (D:8)
  Robin (D:3)
  14 gnolls
  18 adders
  4 shadow imps
  3 white imps
  4 ufetubi
  2 oozes
  2 adder skeletons
  A worm (D:4)
  3 dart slugs
  4 leopard geckos
  27 orcs
  6 bats
  5 giant cockroaches
  8 goblins
  15 hobgoblins
  20 jackals
  3 quokkas
  A ball python (D:4)
  A frilled lizard (D:2)
  16 kobolds
  A quokka skeleton (D:8)
  6 rats
292 creatures vanquished.

Vanquished Creatures (collateral kills)
  A hydra (Lair:5)
  3 two-headed ogres (D:11)
  Urug (D:10)
  Sonja (Lair:2)
  An ugly thing (D:11)
  2 manticores (D:11)
  An oklob plant (Lair:4)
  A torpor snail (Lair:3)
  2 elephants (Lair:4)
  3 cane toads
  A black mamba (Lair:2)
  A gargoyle (D:11)
  2 rime drakes
  A komodo dragon (Lair:1)
  Grinder (D:5)
  9 blink frogs
  7 yaks
  5 wyverns
  A basilisk (Lair:5)
  An acid dragon (D:11)
  3 water moccasins
  A hornet zombie (D:11)
  8 ice beasts
  2 black bears
  A necrophage (D:11)
  2 ogres (D:10)
  4 wolves
  3 centaurs
  A big kobold (D:10)
  6 bullfrogs
  A water moccasin zombie (D:5)
  A scorpion (D:10)
  A killer bee (D:11)
  15 wights
  A howler monkey (D:11)
  A bullfrog zombie (D:7)
  2 orc priests
  An orc wizard (D:10)
  A bullfrog skeleton (D:11)
  A centaur skeleton (D:11)
  An iguana (D:11)
  4 worker ants
  A worker ant zombie (D:11)
  2 gnolls
  An adder (D:7)
  A white imp (D:5)
  A leopard gecko (D:10)
  3 orcs
  A bush (Lair:4)
  A butterfly (Lair:1)
117 creatures vanquished.

Vanquished Creatures (others)
  An orc (D:8)
  11 fungi
  35 plants
47 creatures vanquished.

Grand Total: 456 creatures vanquished

Notes
Turn   | Place    | Note
-------+----------+-------------------------------------------
     0 | D:1      | robertstho the Deep Elf Ice Elementalist began the quest
                  | for the Orb.
     0 | D:1      | Reached XP level 1. HP: 10/10 MP: 6/6
   612 | D:1      | Reached XP level 2. HP: 12/15 MP: 5/8
   872 | D:1      | Reached skill level 5 in Ice Magic
  1508 | D:2      | Found a burning altar of Makhleb.
  1642 | D:2      | Reached XP level 3. HP: 19/19 MP: 9/9
  1787 | D:2      | Found a blossoming altar of Fedhas.
  1936 | D:2      | Found a sparkling altar of Nemelex Xobeh.
  2176 | D:2      | Found a hide-covered altar of Uskayaw.
  2181 | D:2      | Found an ancient bone altar of Kikubaaqudgha.
  2594 | D:2      | Reached XP level 4. HP: 22/24 MP: 8/11
  2903 | D:2      | Reached skill level 4 in Spellcasting
  3437 | D:2      | Learned a level 3 spell: Frozen Ramparts
  3441 | D:2      | Learned a level 3 spell: Ozocubu's Armour
  3446 | D:2      | Learned a level 4 spell: Hailstorm
  3827 | D:3      | Reached XP level 5. HP: 15/28 MP: 6/13
  4080 | D:3      | Reached skill level 1 in Fighting
  4205 | D:3      | Reached skill level 1 in Short Blades
  4205 | D:3      | Reached skill level 5 in Spellcasting
  4205 | D:3      | Reached XP level 6. HP: 33/34 MP: 11/15
  4271 | D:3      | Noticed Robin
  4280 | D:3      | Found a shadowy altar of Dithmenos.
  4285 | D:3      | Killed Robin
  4615 | D:4      | Learned a level 4 spell: Summon Ice Beast
  5198 | D:4      | Reached skill level 6 in Spellcasting
  5699 | D:5      | Entered Level 5 of the Dungeon
  5762 | D:5      | Noticed Grinder
  5785 | D:5      | Killed Grinder
  5785 | D:5      | Reached XP level 7. HP: 31/38 MP: 9/18
  6597 | D:5      | Noticed Blork the orc
  6602 | D:5      | Noticed Ijyb
  6607 | D:5      | Killed Blork the orc
  6610 | D:5      | Killed Ijyb
  6644 | D:5      | Found a glowing golden altar of the Shining One.
  6806 | D:6      | Reached skill level 7 in Spellcasting
  6876 | D:6      | Reached skill level 1 in Summonings
  6888 | D:6      | Reached XP level 8. HP: 16/44 MP: 0/21
  7275 | D:6      | Reached skill level 8 in Spellcasting
  7913 | D:7      | Found a staircase to the Ecumenical Temple.
  8052 | Temple   | Entered the Ecumenical Temple
  8131 | Temple   | Became a worshipper of Sif Muna the Loreminder
  8296 | D:7      | Reached skill level 9 in Spellcasting
  9044 | D:8      | Reached XP level 9. HP: 48/48 MP: 20/24
  9095 | D:8      | Reached * piety under Sif Muna
  9366 | D:8      | Found a sacrificial altar of Ru.
  9400 | D:8      | Reached skill level 10 in Spellcasting
  9778 | D:9      | Reached skill level 10 in Ice Magic
  9933 | D:9      | You fall into a shaft and drop 1 floor!
  9933 | D:10     | Entered Level 10 of the Dungeon
 10020 | D:10     | Reached ** piety under Sif Muna
 10021 | D:10     | Reached skill level 5 in Dodging
 10091 | D:10     | Noticed a troll
 10103 | D:10     | Killed a troll
 10103 | D:10     | Reached skill level 11 in Spellcasting
 10180 | D:10     | Reached XP level 10. HP: 30/53 MP: 21/27
 10511 | D:10     | Reached *** piety under Sif Muna
 10730 | D:10     | Found a staircase to the Lair.
 10768 | D:10     | Noticed Urug
 10803 | D:10     | Killed Urug
 10803 | D:10     | Reached skill level 12 in Spellcasting
 10947 | D:10     | Found a staircase to the Orcish Mines.
 11009 | D:10     | Reached skill level 5 in Stealth
 11488 | D:11     | Noticed a green ugly thing
 11490 | D:11     | Noticed a two-headed ogre
 11505 | D:11     | Killed a two-headed ogre
 11512 | D:11     | Killed a green ugly thing
 11512 | D:11     | Reached skill level 13 in Spellcasting
 11582 | D:11     | Noticed a two-headed ogre
 11592 | D:11     | Killed a two-headed ogre
 11773 | D:11     | Reached XP level 11. HP: 50/58 MP: 17/30
 11789 | D:11     | Reached **** piety under Sif Muna
 12357 | D:11     | Reached skill level 5 in Summonings
 13145 | D:11     | Noticed a two-headed ogre
 13151 | D:11     | Killed a two-headed ogre
 13518 | Lair:1   | Entered Level 1 of the Lair of Beasts
 13530 | Lair:1   | Reached skill level 14 in Spellcasting
 13536 | Lair:1   | Noticed a seven-headed hydra
 13542 | Lair:1   | Killed a seven-headed hydra
 13750 | Lair:1   | Noticed a minotaur
 13764 | Lair:1   | Found a runed translucent gate.
 13764 | Lair:1   | Found a runed translucent gate.
 14488 | Lair:1   | Found a runed translucent gate.
 14489 | Lair:1   | Noticed lunkers's ghost (journeyman OpIE)
 14844 | Lair:2   | Found a staircase to the Shoals.
 14860 | Lair:2   | Reached skill level 15 in Spellcasting
 15020 | Lair:2   | Reached XP level 12. HP: 63/64 MP: 19/33
 15170 | Lair:2   | Found a hole to the Spider Nest.
 15183 | Lair:2   | Noticed Sonja
 15198 | Lair:2   | Killed Sonja
 15933 | Lair:3   | Identified a scroll of acquirement
 15943 | Lair:3   | Acquired the ring "Soerchicu" {+Fly Int+7 Slay+3 SInv
                  | Stlth-}
 16266 | Lair:3   | Found the +3 robe of Folly {Archmagi, MR-- Int+5}
 16681 | Lair:3   | Found a snail-covered altar of Cheibriados.
 17445 | Lair:4   | HP: 1/64 [rime drake/flash freeze (22)]
 17449 | Lair:4   | Reached skill level 1 in Armour
 17449 | Lair:4   | Reached XP level 13. HP: 24/69 MP: 23/34
 17450 | Lair:4   | Reached skill level 16 in Spellcasting
 17569 | Lair:4   | Reached ***** piety under Sif Muna
 17583 | Lair:4   | Received a gift from Sif Muna
 18770 | Lair:5   | Noticed an entropy weaver
 18775 | Lair:5   | Noticed an entropy weaver
 18790 | Lair:5   | Upgraded the game from 0.26-a0-707-g31817bcca1 to
                  | 0.26-a0-708-g17f3b190f9
 18814 | Lair:5   | Slain by an entropy weaver

Illustrated notes

Levels and vault maps discovered:
D:1:      elethiomel_arrival_maze, layout_rooms, chequers_serial_rivers_room_b,
          minmay_hedge_maze
D:2:      layout_loops_ring, fedhas_altar_fruit_tree,
          minmay_overflow_temple_star_quad, makhleb_altar_promises_db
D:3:      layout_rooms, lemuel_doored_altar, uniq_robin
D:4:      layout_layer_cave, hangedman_abyss_or_decor_lesser_grid
D:5:      layout_layer_cave, kennysheep_mini, uniq_ijyb, uniq_blork_the_orc,
          uniq_grinder
D:6:      layout_cave_pools, chequers_serial_rivers_micro_d
D:7:      layout_cave_pools, minmay_temple_entry_overgrown
D:8:      layout_loops_ring, nicolae_ru_path_of_blood
D:9:      layout_layer_cave, dk_yredelemnul_ordeal, uniq_joseph
D:10:     layout_basic, minmay_lair_entry_grove, orc_0_dummy, uniq_urug
D:11:     layout_basic, minmay_increasing_density
Temple:   nicolae_temple_elliptical
Lair:1:   layout_regular_city, maelrawn_ghost_gauntlet_escape,
          beast_lair_carwin_11, lemuel_fruit_fields, grunt_megastairs_2
Lair:2:   wander_river, layout_regular_city, minmay_shoals_entry_centaurs,
          dummy_spider_entry, uniq_sonja
Lair:3:   layout_cave_pods, kennysheep_snail_temple
Lair:4:   layout_cave_pods, portal_ice_cave_entry_ice_beasts,
          nicolae_lair_grove_arrangements, minmay_lair_oklob_bushes
Lair:5:   layout_cave_pods, slime_dummy, minivault_26, zaba_anthell,
          uniq_josephine

Skill      XL: |  1  2  3  4  5  6  7  8  9 10 11 12 13 |
---------------+----------------------------------------+-----
Ice Magic      | 5 6 7 9 10 11 12 13 14 | 14.0
Stealth        | 3 4 5 6 |  6.3
Spellcasting   | 4 5 6 7 9 11 13 15 16 | 16.2
Dodging        | 3 4 5 6 7 |  7.2
Fighting       | 1 2 3 |  3.6
Short Blades   | 1 2 3 4 |  4.1
Summonings     | 1 2 3 4 7 8 9 |  9.1
Armour         | 1 |  1.4
Conjurations   | 2 |  2.1
Invocations    | 2 |  2.0
Evocations     | 2 |  2.0
Throwing       | |  0.6

Action                   |  1- 3 |  4- 6 |  7- 9 | 10-12 | 13-15 || total
-------------------------+-------+-------+-------+-------+-------++-------
Melee: Unarmed           |    11 |       |       |       |       ||    11
       Short sword       |    55 |    59 |       |    36 |    51 ||   201
       Dagger            |       |    21 |   115 |   108 |       ||   244
       Halberd           |       |       |     5 |       |       ||     5
Throw: Dart              |       |       |       |     1 |       ||     1
 Cast: Freeze            |    44 |    10 |     1 |       |       ||    55
       Frozen Ramparts   |       |    31 |    43 |    68 |     8 ||   150
       Summon Ice Beast  |       |     2 |    45 |   128 |    45 ||   220
Invok: Channel Magic     |       |       |       |       |     1 ||     1
  Use: Potion            |       |     2 |     7 |     4 |       ||    13
       Scroll            |       |     2 |     7 |    10 |       ||    19
 Stab: Sleeping          |     2 |       |     3 |     2 |       ||     7
       Distracted        |       |       |       |       |     2 ||     2
Armor: Robe              |    12 |    15 |    38 |    47 |    27 ||   139
Dodge: Dodged            |    68 |   113 |   168 |   208 |    47 ||   604

Table legend: (Time is in decaauts)
 A = Elapsed time spent in this place.
 B = Non-inter-level travel time spent in this place.
 C = Inter-level travel time spent in this place.
 D = Time resting spent in this place.
 E = Time spent auto-exploring this place.
 F = Levels seen in this place.
 G = Mean time per level.
                   A        B        C        D        E       F      G
               +--------+--------+--------+--------+--------+-----+--------+
         Total |  18815 |  18167 |    648 |   1124 |  13380 |  17 | 1106.8 |
       Dungeon |  13406 |  12891 |    515 |    950 |   9388 |  11 | 1218.7 |
        Temple |    101 |     79 |     22 |      0 |     62 |   1 |  101.0 |
          Lair |   5307 |   5197 |    110 |    174 |   3930 |   5 | 1061.4 |
               +--------+--------+--------+--------+--------+-----+--------+

Top non-repeatable levels by time:
     D:2: 2406 daAuts
    D:11: 2023 daAuts
     D:1: 1500 daAuts
    D:10: 1414 daAuts
  Lair:3: 1407 daAuts
  Lair:4: 1365 daAuts
  Lair:1: 1295 daAuts
     D:4: 1110 daAuts
  Lair:2: 1078 daAuts
     D:8: 1072 daAuts
     D:5: 1066 daAuts
     D:6: 1009 daAuts
     D:7: 815 daAuts
     D:3: 692 daAuts
     D:9: 293 daAuts
